 Dungeon Crawl Stone Soup version 0.29-a0-550-g81e455f4c2 (webtiles) character file.

Game seed: 5759240575592514434

389 Lekart the Ruffian (level 6, -16/48 HPs)
             Began as a Draconian Transmuter on June 5, 2022.
             Demolished by a polar bear (24 damage)
             ... created by the rage of Trog
             ... on level 5 of the Dungeon.
             The game lasted 00:08:09 (5179 turns).

Lekart the Ruffian (Draconian Transmuter)           Turns: 5179, Time: 00:08:10

Health: -16/48     AC:  6    Str: 12    XL:     6   Next: 50%
Magic:  10/10      EV: 27    Int: 16    God:
Gold:   82         SH:  0    Dex: 11    Spells: 5/10 levels left

rFire   + . .      SeeInvis +     - Unarmed
rCold   + . .      Faith    .   (no shield)
rNeg    . . .      Spirit   .   (body armour unavailable)
rPois   .          Reflect  .   (helmet restricted)
rElec   .          Harm     .   h - scarf {rC+ rF+}
rCorr   .          Rampage  .   (no gloves)
Will    .....                   (no boots)
Stlth   +.........              k - amulet of the acrobat
HPRegen 0.16/turn               g - ring of see invisible
MPRegen 0.12/turn               (no ring)

@: acrobatic, hasted, very quick
A: AC +6, unfitting armour, cold-blooded
a: no special abilities


You were on level 5 of the Dungeon.
You visited 1 branch of the dungeon, and saw 5 of its levels.

You collected 82 gold pieces.

Inventory:

Armour
 h - a scarf of resistance (worn)
Jewellery
 g - a ring of see invisible (left hand)
 k - an amulet of the acrobat (around neck)
 m - a ring of poison resistance
Scrolls
 c - 2 scrolls of enchant armour
 i - a scroll of amnesia
 o - a scroll of torment
Potions
 b - 3 potions of curing {unknown}
 d - a potion of degeneration {unknown}
 j - a potion of heal wounds {unknown}
 l - a potion of ambrosia {unknown}
 p - a potion of mutation {unknown}


   Skills:
 + Level 1.7 Fighting
 + Level 3.2 Dodging
 + Level 5.6 Unarmed Combat
 + Level 2.7 Spellcasting
 + Level 2.6 Transmutations
 * Level 1.3 Ice Magic


You had 5 spell levels left.
You knew the following spells:

 Your Spells              Type           Power      Damage    Failure   Level
a - Beastly Appendage     Tmut           20%        N/A       6%          1
b - Ice Form              Ice/Tmut       8%         N/A       63%         4

Your spell library contained the following spells:

 Spells                   Type           Power      Damage    Failure   Level
 Wereblood                Tmut           10%        N/A       10%         2
 Summon Small Mammal      Summ           8%         N/A       19%         1
 Spider Form              Tmut/Pois      6%         N/A       32%         3
 Call Canine Familiar     Summ           2%         N/A       50%         3
 Summon Guardian Golem    Hex/Summ       2%         N/A       50%         3


Dungeon Overview and Level Annotations

Branches:
Dungeon (5/15)
 Temple: D:4-7

Altars:
Trog
Yredelemnul

Annotations:
D:5 Edmund, Sigmund


Innate Abilities, Weirdness & Mutations

Your plain brown scales are hard. (AC +6)
You cannot fit into any form of body armour.
You are cold-blooded and may be slowed by cold attacks.


Message History

The polar bear barely misses you. The polar bear completely misses you.
The polar bear misses you.
The polar bear attacks as you move away!
The polar bear completely misses you. x3
The polar bear attacks as you move away!
The polar bear misses you. x2; The polar bear barely misses you.
The polar bear rages.
The polar bear rages.
You hear a shout!
You hear an angry growl.
The polar bear rages.
The polar bear attacks as you move away!
The polar bear completely misses you. The polar bear misses you.
The polar bear closely misses you.
You hear an angry growl.
Edmund the Younger comes into view.
He is wielding a +4 dire flail of holy wrath.
The polar bear attacks as you move away!
The polar bear misses you. The polar bear closely misses you.
The polar bear completely misses you.
You hear an angry growl. x2
You hear an angry growl.
The black bear rages.
You see here an iguana skeleton.
You hear an angry growl.
The black bear rages.
The polar bear attacks as you move away!
The polar bear closely misses you. x2; The polar bear misses you.
Edmund clears his throat.
Okay, then.
The black bear rages.
You hear an angry growl.
The polar bear attacks as you move away!
The polar bear completely misses you. x2
The polar bear claws you but does no damage.
The polar bear attacks as you move away!
The polar bear closely misses you. The polar bear misses you. x2
The polar bear attacks as you move away!
The polar bear bites you!!
Ouch! That really hurt!
You die...

# #......# #.### #
#..##### #@#
#.##.### #.#
#......# #h#
####@#.# #.#
...#h#.# #.#
#h##.#.# #####h#
#@##.#.# #.hh..#
..##.#.# #@#####
####.#.#########.#
.....#...........#
####.###########.#
### ###


You could see 2 polar bears and a black bear (berserk).

Vanquished Creatures
  An ice beast (D:5)
  A howler monkey (D:5)
  A hound (D:5)
  2 orc priests (D:3)
  An iguana (D:5)
  A mummy (D:5)
  6 adders
  A dart slug (D:1)
  9 orcs (D:3)
  8 ball pythons
  4 bats
  3 endoplasms (D:2)
  4 giant cockroaches
  5 goblins
  3 hobgoblins
  2 jackals (D:3)
  7 kobolds
  5 quokkas
  3 frilled lizards
  2 hobgoblin zombies (D:5)
  2 orc zombies (D:5)
  3 rats
  A spectral orc (D:5)
75 creatures vanquished.

Vanquished Creatures (others)
  A frilled lizard (D:3)
1 creature vanquished.

Grand Total: 76 creatures vanquished

Notes
Turn   | Place    | Note
-------+----------+-------------------------------------------
     0 | D:1      | Lekart the Draconian Transmuter began the quest for the
                  | Orb.
     0 | D:1      | Reached XP level 1. HP: 16/16 MP: 3/3
   103 | D:1      | Reached XP level 2. HP: 23/23 MP: 3/5
  1188 | D:2      | Reached XP level 3. HP: 26/28 MP: 4/6
  1286 | D:2      | Found a faded altar of an unknown god.
  1383 | D:2      | Prayed at the altar of an unknown god.
  1383 | D:2      | Became a worshipper of Trog the Wrathful
  1383 | D:2      | Reached * piety under Trog
  1488 | D:2      | Fell from the grace of Trog
  1707 | D:2      | Reached skill level 4 in Unarmed Combat
  1929 | D:2      | Reached XP level 4. HP: 35/35 MP: 7/7
  3049 | D:3      | Reached XP level 5. HP: 23/40 MP: 6/8
  3059 | D:3      | Reached skill level 5 in Unarmed Combat
  3139 | D:3      | Noticed a black bear
  3139 | D:3      | Noticed a black bear
  3139 | D:3      | Noticed a polar bear
  3139 | D:3      | Noticed a polar bear
  3139 | D:3      | Noticed a black bear
  4015 | D:4      | Learned a level 4 spell: Ice Form
  4096 | D:5      | Entered Level 5 of the Dungeon
  4129 | D:5      | Found a basalt altar of Yredelemnul.
  4512 | D:5      | Noticed a black bear
  4512 | D:5      | Noticed a black bear
  4512 | D:5      | Noticed a polar bear
  4512 | D:5      | Noticed a black bear
  4512 | D:5      | Noticed a polar bear
  4512 | D:5      | Noticed a polar bear
  4514 | D:5      | Noticed an ice beast
  4527 | D:5      | Killed an ice beast
  4528 | D:5      | Reached skill level 1 in Ice Magic
  4528 | D:5      | Reached XP level 6. HP: 7/47 MP: 9/9
  5097 | D:5      | Noticed Sigmund
  5148 | D:5      | Noticed a polar bear
  5148 | D:5      | Noticed a polar bear
  5148 | D:5      | Noticed a polar bear
  5168 | D:5      | Noticed Edmund
  5179 | D:5      | Demolished by a polar bear

Illustrated notes

Levels and vault maps discovered:
D:1:      amcnicky_arrival_blooded_trapdoor, layout_loops_ring
D:2:      layout_basic, shapermc_ecumenical_altar_mp_ritualfount, minmay_tripent
D:3:      layout_loops_ring, led_sif_pool, minmay_misc_feat_tiny,
          corexii_corridor_pit
D:4:      layout_rooms, minmay_temple_entry_large_hall,
          nicolae_elevator_lobby_plus, uniq_pikel
D:5:      minmay_octagon_keep, layout_basic,
          yredelemnul_forgotten_temple_becter, portal_sewer_entry_d,
          minmay_mini_ossuary, uniq_sigmund, uniq_edmund

Skill      XL: |  1  2  3  4  5 |
---------------+----------------+-----
Dodging        | 2 3 |  3.2
Unarmed Combat | 4 5 |  5.6
Ice Magic      | 1 |  1.3
Fighting       | |  1.7
Spellcasting   | |  2.7
Transmutations | |  2.6

Action                   |  1- 3 |  4- 6 || total
-------------------------+-------+-------++-------
Melee: Unarmed           |    97 |   138 ||   235
       Tailslap          |     4 |    18 ||    22
       Kick              |    18 |    26 ||    44
       Headbutt          |     5 |    17 ||    22
       Punch             |     1 |     2 ||     3
 Cast: Beastly Appendage |    20 |    21 ||    41
Invok: Renounce Religion |     1 |       ||     1
  Use: Scroll            |     4 |     8 ||    12
       Potion            |       |     3 ||     3
Armor: Skin              |    26 |    50 ||    76
Dodge: Dodged            |    64 |   174 ||   238

Table legend: (Time is in decaauts)
 A = Elapsed time spent in this place.
 B = Non-inter-level travel time spent in this place.
 C = Inter-level travel time spent in this place.
 D = Time resting spent in this place.
 E = Time spent auto-exploring this place.
 F = Levels seen in this place.
 G = Mean time per level.
                   A        B        C        D        E       F      G
               +--------+--------+--------+--------+--------+-----+--------+
         Total |   5164 |   5031 |    133 |   1305 |   2833 |   5 | 1032.8 |
       Dungeon |   5164 |   5031 |    133 |   1305 |   2833 |   5 | 1032.8 |
               +--------+--------+--------+--------+--------+-----+--------+

Top non-repeatable levels by time:
     D:3: 1432 daAuts
     D:1: 1337 daAuts
     D:2: 1232 daAuts
     D:5: 1076 daAuts
     D:4: 86 daAuts
